 Dungeon Crawl Stone Soup version 0.29.1-1-gd02db6906a (webtiles) character file.

Game seed: 15641808667413646610

7861 RogueRain17 the Nimble (level 11, -4/82 HPs)
             Began as a Meteoran Monk on Sept 30, 2022.
             Was a Believer of Elyvilon.
             Slain by a yak (13 damage)
             ... on level 1 of the Lair of Beasts on Oct 1, 2022.
             The game lasted 00:38:09 (6198 turns).

RogueRain17 the Nimble (Meteoran Monk)              Turns: 6198, Time: 00:38:09

Health: -4/82      AC:  6    Str: 14    XL:     11   Next: 72%
Magic:  19/19      EV: 25    Int: 12    God:    Elyvilon [**....]
Gold:   499        SH:  0    Dex: 20    Spells: 10/10 levels left

rFire   . . .      SeeInvis .   g - +2 sling (freeze)
rCold   + . .      Faith    .   (no shield)
rNeg    + . .      Spirit   .   y - +0 robe {rC+}
rPois   .          Reflect  .   (no helmet)
rElec   .          Harm     .   (no cloak)
rCorr   .          Rampage  .   p - +1 pair of gloves
Will    +....                   i - +1 pair of boots
Stlth   +.........              (no amulet)
HPRegen 0.23/turn               j - +4 ring of evasion
MPRegen 0.16/turn               z - ring of positive energy

@: glowing
A: sense surroundings 2, otherworldly, glowing, explore regen
a: Renounce Religion, Purification, Heal Other


You were on level 1 of the Lair of Beasts.
You worshipped Elyvilon.
Elyvilon was pleased with you.
You visited 3 branches of the dungeon, and saw 15 of its levels.

You collected 499 gold pieces.

Inventory:

Hand Weapons
 a - a +0 falchion
 g - a +2 sling of freezing (weapon)
Armour
 b - a +0 robe
 i - a +1 pair of boots (worn)
 p - a +1 pair of gloves (worn)
 y - a +0 robe of cold resistance (worn)
Jewellery
 j - a +4 ring of evasion (left hand)
 z - a ring of positive energy (right hand)
 A - the ring "Caosoi" {Will+ Int+6}
   (You found it on level 9 of the Dungeon)

   [ring of intelligence]

   Int:       It affects your intelligence (+6).
   Will:      It increases your willpower.
Wands
 m - a wand of paralysis (1)
 s - a wand of flame (31)
Scrolls
 h - 4 scrolls of vulnerability
 k - a scroll of amnesia
 l - 2 scrolls of enchant armour
 n - 8 scrolls of identify
 t - 4 scrolls of butterflies {unknown}
 w - a scroll of immolation {unknown}
 E - a scroll of brand weapon {unknown}
Potions
 c - a potion of experience {unknown}
 d - a potion of flight {unknown}
 e - 4 potions of curing {unknown}
 f - 2 potions of cancellation {unknown}
 o - 3 potions of might {unknown}
 q - 2 potions of lignification {unknown}
 u - a potion of brilliance {unknown}
 v - 2 potions of attraction {unknown}
 B - 2 potions of degeneration {unknown}
 D - a potion of heal wounds {unknown}


   Skills:
 - Level 3.2 Fighting
 - Level 3.7 Long Blades
 + Level 11.7 Ranged Weapons
 + Level 13.2 Dodging
 - Level 1.4 Stealth
 - Level 10.0 Invocations


You had 10 spell levels left.
You didn't know any spells.
Your spell library contained the following spells:

 Spells                   Type           Power      Damage    Failure   Level
 Sting                    Tmut/Pois      0%         1d3       32%         1
 Poisonous Vapours        Pois/Air       0%         N/A       45%         2
 Inner Flame              Hex/Fire       0%         N/A       69%         3
 Cause Fear               Hex            0%         N/A       97%         4
 Olgreb's Toxic Radiance  Pois           0%         N/A       97%         4
 Summon Forest            Summ/Tloc      0%         N/A       100%        5
 Eringya's Noxious Bog    Tmut/Pois      0%         N/A       100%        6
 Summon Hydra             Summ           0%         N/A       100%        7
 Discord                  Hex            0%         N/A       100%        8
 Maxwell's Capacitive Co  Air            0%         ∞         100%        8
 Chain Lightning          Conj/Air       0%         N/A       100%        9


Dungeon Overview and Level Annotations

Branches:
Dungeon (13/15) Zot: 1615  Temple (1/1) D:6 Zot: 560    Lair (1/5) D:9 Zot: 584
    Orc (0/2) D:11
 Vaults: D:13-14

Altars:
Ashenzari
Cheibriados
Dithmenos
Elyvilon
Fedhas
Gozag
Hepliaklqana
Kikubaaqudgha
Makhleb
Nemelex Xobeh
Okawaru
Qazlal
Ru
Sif Muna
Trog
Uskayaw
Vehumet
Wu Jian
Xom
Yredelemnul
The Shining One

Portals:
Trove: D:10 (give 5 scrolls of blinking)

Annotations:
D:9 2 transporters, vvl's ghost, novice TrFi
Temple 2 transporters


Innate Abilities, Weirdness & Mutations

You passively map the area around you.
You are easily found by Zot.
You glow in the dark.
You regain HP and MP as you explore.


Message History

The sling bullet hits the orc but does no damage.
You shoot a sling bullet. The sling bullet barely misses the orc.
You shoot a sling bullet.
The sling bullet closely misses the orc.
You shoot a sling bullet. The sling bullet hits the orc.
The sling bullet freezes the orc.
You kill the orc!
No target in view!
No target in view!
(D) Dungeon (T) Temple (L) Lair (O) Orcish Mines
Where to? (Enter - Lair:1, ? - help)
What level of the Lair of Beasts? (default 1, ? - help)
There is an open door here.
There is a stone staircase leading down, spattered with blood here.
You climb downwards.
Level annotation: 2 transporters, vvl's ghost, novice TrFi
There is a stone staircase leading up here.
There is a staircase to the Lair, spattered with blood here.
You climb downwards.
Welcome back to the Lair of Beasts!
The yak completely misses you. The yak gores you!
The yak gores you but does no damage. The yak gores you.
The yak barely misses you. x2; The yak gores you!
The yak closely misses you.
There is a staircase back to the Dungeon, spattered with blood here.
The yak completely misses you. x2; The yak barely misses you.
The yak attacks as you move away! The yak gores you! The yak barely misses you.
The yak attacks as you move away! The yak gores you!
The yak attacks as you move away! The yak completely misses you.
The yak gores you. The yak attacks as you move away! The yak gores you!
* * * LOW HITPOINT WARNING * * *
The yak attacks as you move away! The yak closely misses you.
The yak attacks as you move away! The yak completely misses you.
The yak attacks as you move away! The yak completely misses you.
The yak gores you!
* * * LOW HITPOINT WARNING * * *
The yak attacks as you move away! The yak gores you!
Elyvilon protects you from harm! The yak attacks as you move away!
The yak barely misses you. The yak gores you!
You die...

*, ### * ,
###.#### *
##...<..## * ,
###...........#*
,
#.............#
,,,
##.............,
,
#...Y......P..#*
#..Y@Y...[..###
* #..Y.Y....##.#
##......#.# ##
#....#####
###... #..##
*..## .## *#


You could see 5 yaks.

Vanquished Creatures
  2 two-headed ogres
  A manticore (D:11)
  A cyclops (D:11)
  A gargoyle (D:11)
  A komodo dragon (D:11)
  Sigmund (D:2)
  A wyvern (D:10)
  2 wraiths (D:11)
  Eustachio (D:5)
  4 yaks
  A steam dragon (D:9)
  An ice beast (D:6)
  A black bear (D:7)
  8 centaurs
  A phantom (D:5)
  A kobold brigand (D:9)
  3 bullfrogs
  2 wights (D:7)
  6 howler monkeys
  An electric eel (D:11)
  A hound (D:5)
  2 gnoll boudas
  3 orc priests
  3 jellies
  2 iguanas (D:6)
  5 orc wizards
  7 gnolls
  4 adders
  2 shadow imps (D:4)
  A white imp (D:5)
  A worm (D:3)
  25 orcs
  A bat (D:3)
  5 endoplasms
  8 goblins
  4 hobgoblins
  3 jackals (D:2)
  8 kobolds
  2 quokkas
  5 ball pythons
  11 frilled lizards
  4 rats
147 creatures vanquished.

Vanquished Creatures (others)
  A shadow (D:9)
  A wight (D:7)
  14 plants
16 creatures vanquished.

Grand Total: 163 creatures vanquished

Notes
Turn   | Place    | Note
-------+----------+-------------------------------------------
     0 | D:1      | RogueRain17 the Meteoran Monk began the quest for the Orb.
     0 | D:1      | Reached XP level 1. HP: 19/19 MP: 2/2
    62 | D:1      | Got the Precepts of the Storm
    94 | D:1      | Reached XP level 2. HP: 21/26 MP: 3/3
    98 | D:1      | Reached skill level 1 in Ranged Weapons
    98 | D:1      | Reached skill level 4 in Dodging
   289 | D:2      | Noticed Sigmund
   290 | D:2      | Reached XP level 3. HP: 31/31 MP: 4/4
   300 | D:2      | Killed Sigmund
   301 | D:2      | Reached skill level 5 in Dodging
   301 | D:2      | Reached XP level 4. HP: 19/38 MP: 5/5
   301 | D:2      | Reached XP level 5. HP: 22/45 MP: 6/6
   301 | D:2      | Reached XP level 6. HP: 25/51 MP: 7/7
   689 | D:3      | You fall into a shaft and drop 3 floors!
   743 | D:6      | Reached skill level 6 in Dodging
   748 | D:6      | Found a staircase to the Ecumenical Temple.
   782 | Temple   | Entered the Ecumenical Temple
   782 | Temple   | Found a transporter.
   782 | Temple   | Found a transporter.
   784 | Temple   | Found a transporter.
   784 | Temple   | Found a transporter.
   801 | Temple   | Became a worshipper of Elyvilon the Healer
   801 | Temple   | Reached * piety under Elyvilon
   801 | Temple   | Reached ** piety under Elyvilon
   933 | D:6      | Noticed a centaur
   948 | D:6      | Killed a centaur
   949 | D:6      | Reached XP level 7. HP: 35/57 MP: 8/8
  1113 | D:6      | Reached skill level 5 in Ranged Weapons
  1113 | D:6      | Reached skill level 7 in Dodging
  1113 | D:6      | Reached skill level 1 in Invocations
  1307 | D:5      | Entered Level 5 of the Dungeon
  1645 | D:4      | Reached XP level 8. HP: 63/63 MP: 5/11
  2403 | D:3      | Found a burning altar of Makhleb.
  2406 | D:3      | Found a shimmering blue altar of Sif Muna.
  2964 | D:5      | Reached skill level 8 in Dodging
  2998 | D:5      | Reached skill level 5 in Invocations
  3004 | D:5      | Gained mutation: You passively map the area around you.
                  | [Meteoran growth]
  3004 | D:5      | Reached XP level 9. HP: 70/70 MP: 13/13
  3087 | D:5      | Noticed Eustachio
  3101 | D:5      | Killed Eustachio
  3319 | D:7      | Reached skill level 9 in Dodging
  3639 | D:8      | Reached XP level 10. HP: 34/77 MP: 14/16
  3919 | D:9      | Reached skill level 10 in Dodging
  3954 | D:9      | Noticed a two-headed ogre
  3966 | D:9      | Killed a two-headed ogre
  4002 | D:9      | Identified the ring "Caosoi" {Will+ Int+6}
  4079 | D:9      | Found a staircase to the Lair.
  4081 | D:9      | Noticed a komodo dragon
  4093 | D:9      | Pacified a komodo dragon
  4172 | Lair:1   | Entered Level 1 of the Lair of Beasts
  4187 | D:9      | Reached skill level 11 in Dodging
  4742 | D:9      | Found a transporter.
  4742 | D:9      | Found a transporter.
  4745 | D:9      | Found a bloodstained altar of Trog.
  4745 | D:9      | Noticed a two-headed ogre
  4745 | D:9      | Noticed a tengu warrior
  4745 | D:9      | Noticed a moth of wrath
  4769 | D:9      | Noticed a two-headed ogre
  4814 | D:9      | Noticed vvl's ghost (novice TrFi)
  4907 | D:9      | Elyvilon protects you from harm!
  4909 | D:9      | Reached skill level 10 in Invocations
  4909 | D:9      | Reached XP level 11. HP: 22/82 MP: 19/19
  4922 | D:10     | Entered Level 10 of the Dungeon
  4950 | D:10     | Reached skill level 10 in Ranged Weapons
  5010 | D:10     | Noticed a two-headed ogre
  5085 | D:11     | Found a staircase to the Orcish Mines.
  5088 | D:11     | Noticed a cyclops
  5114 | D:12     | Noticed a two-headed ogre
  5126 | D:12     | Killed a two-headed ogre
  5127 | D:12     | Reached skill level 12 in Dodging
  5187 | D:13     | Noticed a boulder beetle
  5307 | D:11     | Noticed a manticore
  5318 | D:11     | Killed a manticore
  5490 | D:11     | Reached skill level 13 in Dodging
  5589 | D:11     | Killed a cyclops
  5615 | D:11     | Reached *** piety under Elyvilon
  5725 | D:11     | Noticed a cyclops
  5800 | D:10     | Found a portal to a secret trove of treasure.
  5801 | D:10     | Found a stormy altar of Qazlal.
  6197 | Lair:1   | Elyvilon protects you from harm!
  6198 | Lair:1   | Slain by a yak

Illustrated notes

Levels and vault maps discovered:
D:1:      reono_arrival_mine, layout_rooms, serial_forest,
          infiniplex_forest_clump_diagonal, infiniplex_forest_clump_diagonal,
          infiniplex_forest_end_2, infiniplex_forest_straight_2,
          infiniplex_forest_clump_cross, minmay_surrounded
D:2:      layout_loops_ring, chequers_ecumenical_altar_grove,
          grunt_ministairs_14, uniq_crazy_yiuf_cottage, uniq_natasha,
          uniq_sigmund
D:3:      layout_loops_ring, nicolae_overflow_squiral
D:4:      layout_layer_cave
D:5:      layout_cave_pools, uniq_eustachio
D:6:      layout_gridville, temple_statues, minmay_lizard_king
D:7:      layout_basic, serial_bayou_lagoon_a
D:8:      layout_gridville
D:9:      layout_loops_ring, david_lair_shrubbed,
          gammafunk_ghost_wrathful_warriors
D:10:     layout_big_octagon, nicolae_qazlal_general_emergency, enter_trove_1,
          uniq_grum, uniq_erolcha
D:11:     minmay_klotski, layout_basic, david_orc_3
D:12:     layout_long_grid, dk_noncrumbling_4, kennysheep_generic_room_6
D:13:     layout_irregular_city, grunt_vaults_entry_tiered
Temple:   hellmonk_temple_divided_pantheon
Lair:1:   layout_cave_pods, basic_altar, minivault_24, grunt_megastairs_3

Skill      XL: |  1  2  3  4  5  6  7  8  9 10 11 |
---------------+----------------------------------+-----
Ranged Weapons | 1 3 4 5 6 8 9 11 | 11.7
Dodging        | 4 5 6 7 8 9 11 13 | 13.2
Invocations    | 2 5 7 10 | 10.0
Fighting       | |  3.2
Long Blades    | |  3.7
Stealth        | |  1.4

Action                   |  1- 3 |  4- 6 |  7- 9 | 10-12 || total
-------------------------+-------+-------+-------+-------++-------
Melee: Falchion          |    10 |       |       |       ||    10
       Sling             |       |       |       |     4 ||     4
 Fire: Sling             |    48 |    86 |   261 |   387 ||   782
Invok: Heal Other        |       |       |    29 |    10 ||    39
       Heal Self         |       |       |       |     1 ||     1
Evoke: Wand              |       |       |     6 |    19 ||    25
  Use: Scroll            |       |       |     6 |     4 ||    10
       Potion            |       |       |     1 |       ||     1
Armor: Robe              |     8 |    17 |    23 |    36 ||    84
Dodge: Dodged            |    38 |    63 |   141 |   251 ||   493
